 Dungeon Crawl Stone Soup version 0.14.0-7-g2801ba0 (webtiles) character file.

828 Ragg the Skirmisher (level 7, 0/64 HPs)
             Began as a Minotaur Fighter on Apr 13, 2014.
             Slain by Lapajee's ghost (10 damage)
             ... on Level 4 of the Dungeon.
             The game lasted 00:09:45 (3418 turns).

Ragg the Skirmisher (Minotaur Fighter)              Turns: 3418, Time: 00:09:46

HP   0/64        AC 12     Str 20      XL: 7   Next: 33%
MP   3/3         EV  7     Int  7      God:
Gold 154         SH  0     Dex 10      Spells:  0 memorised,  6 levels left

rFire  . . .     SeeInvis .     B - +1 cutlass (venom)
rCold  . . .     Clarity  .     n - +1 chain mail {rPois}
rNeg   . . .     Conserve .     (no shield)
rPois  +         rCorr    .     (helmet restricted)
rElec  .         rRot     .     (no cloak)
SustAb . .       Spirit   .     (no gloves)
rMut   .         Warding  .     w - +0 pair of boots (curse)
Saprov . . .     Stasis   .     (no amulet)
MR     .....                    (no ring)
                                (no ring)

@: not resistant to hostile enchantments, extremely unstealthy
A: retaliatory headbutt, horns 2
a: no special abilities


You were on level 4 of the Dungeon.
You were very hungry.

You visited 1 branch of the dungeon, and saw 4 of its levels.

You collected 154 gold pieces.

Inventory:

Hand weapons
 a - a +1,+0 war axe
 B - a +1,+1 cutlass of venom (weapon)
Missiles
 j - 54 stones (quivered)
Armour
 n - a +1 chain mail of poison resistance (worn)
 w - a cursed +0 pair of boots (worn)
Magical devices
 s - a wand of paralysis (15)
 x - a wand of digging (9) {unknown}
 y - a wand of slowing (0)
Comestibles
 b - a cheese
 d - 4 bread rations
 g - 2 chokos
 i - an apple
 q - a pear
 u - a royal jelly
Scrolls
 h - 3 scrolls of enchant weapon I
 o - 2 scrolls of remove curse
 p - 2 scrolls of identify {unknown}
 r - a scroll of immolation {unknown}
 z - a scroll of noise {unknown}
Potions
 c - a potion of heal wounds {unknown}
 e - 2 potions of might
 f - 2 potions of mutation {unknown}
 k - 2 potions of flight {unknown}
 l - a potion of poison {unknown}
 m - 2 potions of curing {unknown}
 v - a potion of berserk rage {unknown}
Magical staves
 t - an uncursed staff of cold


   Skills:
 + Level 6.6 Fighting
 + Level 5.9 Axes
 + Level 6.6 Armour
   Level 3.6 Shields


You had 6 spell levels left.
You didn't know any spells.

Dungeon Overview and Level Annotations

Branches:
Dungeon (4/15)             Temple (0/1) D:4

Altars:
Fedhas
Okawaru
Trog
Xom
The Shining One

Shops:
D:4 *

Annotations:
D:4 Lapajee's ghost, average GrFi


Innate Abilities, Weirdness & Mutations

You reflexively headbutt those who attack you in melee.
You have a pair of horns on your head.


Message History

You hit Lapajee's ghost.
Lapajee's ghost is moderately damaged.
Lapajee's ghost hits you but does no damage.
You hit Lapajee's ghost but do no damage.
You headbutt Lapajee's ghost!
Lapajee's ghost is heavily damaged.
Lapajee's ghost barely misses you. You furiously retaliate!
You headbutt Lapajee's ghost. You hit Lapajee's ghost.
Lapajee's ghost is severely damaged.
Lapajee's ghost hits you!
* * * LOW HITPOINT WARNING * * *
You hit Lapajee's ghost but do no damage.
Lapajee's ghost is severely damaged.
Lapajee's ghost hits you but does no damage. x2
You hit Lapajee's ghost but do no damage.
You headbutt Lapajee's ghost.
Lapajee's ghost is severely damaged.
Lapajee's ghost hits you!
You die...

............#.# #.#.##.
.............#.# #.#.#.. .
#.............#.# #...#..
....#_'.......?.....#.# #.#.##.
......###.............#.###....#.
......................#........##
.....................##.[.......#
.................................
...............p@................
.................%...............
................................#
......#########.................#
......#$......#.......#########.#
......#.>.#.>.#.......# #.#
......#.......#.......# #.#
.....o#########.......# #.#
.....[................# #.#


You could see Lapajee's ghost.

Vanquished Creatures
  An ogre (D:4)
  A phantom (D:4)
  Duvessa (D:4)
  A giant frog (D:4)
  Dowan (D:4)
  A hound (D:4)
  2 orc wizards (D:3)
  3 worker ants (D:4)
  Jessica (D:3)
  7 adders
  A worm (D:2)
  A giant eyeball (D:4)
  2 giant geckos (D:3)
  An ooze (D:2)
  14 orcs
  12 bats
  5 giant cockroaches
  4 goblins
  9 hobgoblins
  13 kobolds
  A quokka (D:3)
  2 ball pythons (D:2)
  5 giant newts
  3 jackals (D:1)
  6 rats
98 creatures vanquished.

Vanquished Creatures (others)
  A rat (D:3)
1 creature vanquished.

Grand Total: 99 creatures vanquished

Notes
Turn   | Place    | Note
--------------------------------------------------------------
     0 | D:1      | Ragg, the Minotaur Fighter, began the quest for the Orb.
     0 | D:1      | Reached XP level 1. HP: 19/19 MP: 1/1
   134 | D:1      | Reached skill level 4 in Fighting
   134 | D:1      | Reached XP level 2. HP: 27/27 MP: 1/1
   159 | D:1      | Found a glowing golden altar of the Shining One.
   523 | D:2      | Reached XP level 3. HP: 31/33 MP: 2/2
  1004 | D:2      | Reached XP level 4. HP: 41/41 MP: 2/2
  1018 | D:2      | Found a shimmering altar of Xom.
  1429 | D:3      | Noticed Jessica
  1435 | D:3      | Killed Jessica
  1683 | D:3      | Reached skill level 5 in Fighting
  1687 | D:3      | Reached XP level 5. HP: 43/48 MP: 2/2
  1820 | D:3      | Reached skill level 5 in Armour
  2350 | D:4      | Reached XP level 6. HP: 47/56 MP: 3/3
  2371 | D:4      | Reached skill level 5 in Axes
  2377 | D:4      | Found Ghebloin's Assorted Antiques.
  2386 | D:4      | Noticed an ogre
  2395 | D:4      | Killed an ogre
  2489 | D:4      | Found a staircase to the Ecumenical Temple.
  2496 | D:4      | Reached skill level 6 in Fighting
  2505 | D:4      | Noticed Duvessa
  2505 | D:4      | Noticed Dowan
  2512 | D:4      | Killed Dowan
  2515 | D:4      | Killed Duvessa
  2515 | D:4      | Reached XP level 7. HP: 19/63 MP: 3/3
  2829 | D:4      | Noticed a phantom
  2838 | D:4      | Killed a phantom
  2949 | D:4      | Noticed Lapajee's ghost (average GrFi)
  2981 | D:4      | Paralysed by a giant eyeball for 2 turns
  2987 | D:4      | Paralysed by a giant eyeball for 3 turns
  2997 | D:3      | Found a bloodstained altar of Trog.
  2997 | D:3      | Found an iron altar of Okawaru.
  3210 | D:4      | Paralysed by a giant eyeball for 3 turns
  3394 | D:4      | Found a blossoming altar of Fedhas.
  3394 | D:4      | Paralysed by a giant eyeball for 4 turns
  3418 | D:4      | Slain by Lapajee's ghost

Action                   |  1- 3 |  4- 6 |  7- 9 || total
-------------------------+-------+-------+-------++-------
Melee: War axe           |    75 |   109 |    35 ||   219
       Cutlass           |       |       |    18 ||    18
Evoke: Wand              |       |     1 |       ||     1
  Use: Scroll            |     2 |       |       ||     2
